 Dungeon Crawl Stone Soup version 0.30-a0-777-ga9a30cbeda (console) character file.

Game seed: 12313809219664395918

945 rlgrobin the Chopper (level 7, -16/59 HPs)
             Began as an Armataur Fighter on Feb 15, 2023.
             Was a Follower of Okawaru.
             Demolished by an orc warrior
             ... wielding a +0 halberd
              (30 damage)
             ... in a bailey.
             The game lasted 00:06:07 (882 turns).

rlgrobin the Chopper (Armataur Fighter)              Turns: 882, Time: 00:06:07

Health: -16/59     AC:  8    Str: 22    XL:     7   Next: 89%
Magic:  14/16      EV: 11    Int:  8    God:    Okawaru [*.....]
Gold:   72         SH:  6    Dex: 11    Spells: 6/6 levels left

rFire   . . .      SeeInvis .    a - +1 war axe {speed, MP+9}
rCold   . . .      Faith    .    c - +0 buckler
rNeg    . . .      Spirit   .    i - +0 steam dragon scales
rPois   .          Reflect  .    (no helmet)
rElec   .          Harm     .    (no cloak)
rCorr   .          Roll     +    e - +0 pair of gloves
Will    .....                    (no barding)
Stlth   +++                      (no amulet)
HPRegen 0.29/turn                (no ring)
MPRegen 0.15/turn                (no ring)

@: mighty, heroic
A: large, rugged brown scales 3, deformed body, armoured tail, roll, long
tongue, awkward tongue
a: Renounce Religion, Heroism


You were in a bailey.
You worshipped Okawaru.
Okawaru was aware of your devotion.
You visited 1 branch of the dungeon, and saw 6 of its levels.
You also visited: Bailey.

You collected 72 gold pieces.

Inventory:

Hand Weapons
 a - the +1 war axe of Wu Jian's Whim (weapon) {speed, MP+9}
   (You acquired it on level 7 of the Dungeon)

   MP:        It affects your magic capacity (+9).
 g - a +0 war axe
Armour
 b - a +0 scale mail
 c - a +0 buckler (worn)
 e - a +0 pair of gloves (worn)
 i - +0 steam dragon scales (worn)
Wands
 k - a wand of iceblast (3)
Scrolls
 f - a scroll of identify
Potions
 d - a potion of might
 j - a potion of attraction {unknown}


   Skills:
 - Level 2.6(7.6) Fighting
 + Level 7.8(12.8) Axes
 - Level 3.6(8.6) Armour
 - Level 3.2(8.2) Shields


You had 6 spell levels left.
You didn't know any spells.
Your spell library was empty.

Dungeon Overview and Level Annotations

Branches:
Dungeon (8/15)             Bailey (1/1)
 Temple: D:4-7         Lair: D:8-11

Altars:
Okawaru


Innate Abilities, Weirdness & Mutations

You are completely covered in rugged brown scales. (AC +3, +7% HP)
Armour fits poorly on your strangely shaped body.
You have a long armoured tail.
You roll when moving toward enemies. (Rampage)
Your long tongue fully drains potion bottles. (2x potion effects)
Your tongue gives you trouble enunciating. (1.5x scroll delay)


Message History

You slice the orc warrior!!
You kill the orc warrior!
Okawaru accepts your kill.
The orc hits you from afar with a +0 spear.
Items here: )) [[ †.
The orc hits you from afar with a +0 spear.
You roll towards the orc!
An orc warrior and an orc knight come into view.
You slash the orc!
You kill the orc!
You block the orc warrior's attack.
Things that are here:
a +0 spear; a +0 chain mail
Items here: )) [[ †.
Things that are here:
a +0 spear; a +0 ring mail You slurp down every last drop of the potion of curing!
You feel better.
You feel like a meek peon again.
You slurp down every last drop of the 2 potions of might!
You feel very mighty all of a sudden.
The orc warrior hits you with a +0 halberd!
You closely miss the orc warrior.
The orc warrior hits you with a +0 halberd!
The orc knight roars a battlecry!
The orc warrior goes into a battle-frenzy!
You slash the orc warrior!
The orc warrior is moderately wounded.
You hit the orc warrior but do no damage.
The orc warrior is moderately wounded.
The orc warrior barely misses you.
You gain the combat prowess of a mighty hero.
The orc warrior hits you with a +0 halberd.
The orc knight hits you from afar with a +0 halberd!
* * * LOW HITPOINT WARNING * * *
You barely miss the orc warrior.
The orc warrior is moderately wounded.
The orc warrior hits you with a +0 halberd!!
Ouch! That really hurt!
You die...

≈≈≈≈≈≈≈#....#≈≈≈≈≈≈≈♣
♣≈≈≈≈≈#....#≈≈≈≈≈≈≈≈≈
♣♣♣♣...#....#)..≈≈≈≈≈≈#
#♣....♣............≈≈≈≈#
#...................≈≈≈#
#..####........####..≈ #
#$.####''####.$ ♣♣
#...oo.........
##...8@...8...#
#.)########..# #..# .#
#..# # #.o# #..# #..#.
#..## #..#


You could see an orc knight and an orc warrior (strong).

Vanquished Creatures
  A steam dragon (D:7)
  A sky beast (D:7)
  3 orc warriors (Bailey)
  A kobold brigand (D:8)
  A bullfrog (D:8)
  A necrophage (D:7)
  A scorpion (D:4)
  A wight (D:7)
  A hound (D:7)
  2 orc priests
  An orc wizard (D:7)
  10 orcs
  4 ball pythons
  A bat (D:3)
  An endoplasm (D:1)
  A giant cockroach (D:1)
  2 goblins
  7 kobolds
  A frilled lizard (D:1)
41 creatures vanquished.

Vanquished Creatures (others)
  An orc (D:7)
1 creature vanquished.

Grand Total: 42 creatures vanquished

Notes
Turn   | Place    | Note
-------+----------+-------------------------------------------
     0 | D:1      | rlgrobin the Armataur Fighter began the quest for the Orb.
     0 | D:1      | Reached XP level 1. HP: 19/19 MP: 1/1
    69 | D:1      | Reached skill level 2 in Axes
   113 | D:2      | Reached XP level 2. HP: 26/26 MP: 2/2
   119 | D:3      | Reached skill level 3 in Axes
   119 | D:3      | Reached XP level 3. HP: 31/32 MP: 3/3
   364 | D:4      | Noticed a scorpion
   381 | D:4      | Killed a scorpion
   382 | D:4      | Reached XP level 4. HP: 25/39 MP: 4/4
   439 | D:4      | Reached skill level 4 in Axes
   463 | D:4      | You fall into a shaft and drop 3 floors!
   467 | D:7      | Identified a scroll of acquirement
   467 | D:7      | Acquired the +1 war axe of Wu Jian's Whim {speed, MP+9}
   495 | D:8      | Noticed a kobold brigand
   499 | D:8      | Noticed a bullfrog
   509 | D:8      | Killed a bullfrog
   510 | D:8      | Reached XP level 5. HP: 21/44 MP: 5/5
   518 | D:8      | Reached skill level 5 in Axes
   527 | D:8      | Found an iron altar of Okawaru.
   545 | D:8      | Became a worshipper of Warmaster Okawaru
   602 | D:7      | Reached XP level 6. HP: 15/53 MP: 6/6
   620 | D:7      | Noticed a steam dragon
   630 | D:7      | Killed a steam dragon
   631 | D:7      | Reached skill level 6 in Axes
   704 | D:7      | Reached * piety under Okawaru
   705 | D:7      | Reached XP level 7. HP: 36/59 MP: 7/7
   718 | D:7      | Found a flagged portal.
   773 | Bailey   | Entered a bailey
   802 | Bailey   | Reached skill level 7 in Axes
   871 | Bailey   | Noticed an orc knight
   882 | Bailey   | Demolished by an orc warrior

Illustrated notes

Levels and vault maps discovered:
D:1:      dpeg_arrival_boxes_within_box, layout_rooms, serial_shops,
          nicolae_shop_statue_plus, nicolae_hexahallways,
          kennysheep_pointless_box, minmay_misc_feat_five
D:2:      layout_rooms, ebering_dispersal_statue_hall, uniq_natasha,
          uniq_crazy_yiuf_cottage
D:3:      layout_basic, fedhas_altar_4, zin_angel, kennysheep_generic_room_11
D:4:      layout_basic
D:7:      layout_basic, minmay_temple_entry_slanted, enter_bailey_6,
          chequers_serial_rivers_micro_a, minivault_23,
          corexii_item_surrounded_by_moat
D:8:      kennysheep_six_static_rooms, layout_cave_pools, okawaru_trees_2,
          dpeg_lair_monsters, uniq_maggie
Bailey:   bailey_polearm_elven_captive_hellmonk, bailey

Skill      XL: |  1  2  3  4  5  6  7 |
---------------+----------------------+-----
Axes           | 2 3 4 5 6 7 |  7.8
Fighting       | |  2.6
Armour         | |  3.6
Shields        | |  3.2

Action                     |  1- 3 |  4- 6 |  7- 9 || total
---------------------------+-------+-------+-------++-------
  Melee: War axe           |    33 |    63 |    45 ||   141
         Tailslap          |     4 |     4 |     3 ||    11
 Invoke: Heroism           |       |       |     4 ||     4
    Use: Scroll            |       |     2 |       ||     2
         Potion            |       |     1 |     2 ||     3
 Armour: Scale mail        |    20 |    17 |       ||    37
         Steam dragon scal |       |     5 |     5 ||    10
  Dodge: Dodged            |    12 |     9 |    10 ||    31
  Block: Buckler           |     3 |     9 |     5 ||    17

Table legend: (Time is in decaauts)
 A = Elapsed time spent in this place.
 B = Non-inter-level travel time spent in this place.
 C = Inter-level travel time spent in this place.
 D = Time resting spent in this place.
 E = Time spent auto-exploring this place.
 F = Levels seen in this place.
 G = Mean time per level.
                   A        B        C        D        E       F      G
               +--------+--------+--------+--------+--------+-----+--------+
         Total |    866 |    866 |      0 |      0 |      0 |   7 |  123.7 |
       Dungeon |    770 |    770 |      0 |      0 |      0 |   6 |  128.3 |
        Bailey |     95 |     95 |      0 |      0 |      0 |   1 |   95.0 |
               +--------+--------+--------+--------+--------+-----+--------+

Top non-repeatable levels by time:
     D:7: 216 daAuts
     D:4: 193 daAuts
     D:3: 163 daAuts
  Bailey: 95 daAuts
     D:1: 87 daAuts
     D:8: 79 daAuts
     D:2: 31 daAuts
